 Dungeon Crawl Stone Soup version 0.23-a0-356-g1757c6e (webtiles) character file.

1430 Hilur the Skirmisher (level 8, -3/67 HPs)
             Began as a Gnoll Wanderer on Oct 21, 2018.
             Was an Initiate of Ashenzari.
             Shot with an arrow by a centaur (8 damage)
             ... on level 6 of the Dungeon.
             The game lasted 00:17:24 (5428 turns).

Hilur the Skirmisher (Gnoll Wanderer)               Turns: 5428, Time: 00:17:24

Health: -3/67      AC: 12    Str: 17    XL:     8   Next: 73%
Magic:  13/13      EV:  7    Int: 14    God:    Ashenzari [......]
Gold:   262        SH: 10    Dex: 17    Spells: 13/13 levels left

rFire    . . .     SeeInvis .   F - +4 flail (curse)
rCold    . . .     Gourm    +   a - +0 shield
rNeg     . . .     Faith    .   D - +1 chain mail {MR+}
rPois    .         Spirit   .   (helmet restricted)
rElec    .         Reflect  .   B - +0 cloak
rCorr    .         Harm     .   t - +0 pair of gloves (curse)
MR       +....                  (no boots)
Stlth    ..........             u - amulet of the gourmand
HPRegen  0.21/turn              (no ring)
MPRegen  0.13/turn              (no ring)

@: no status effects
A: distributed training, fangs 1, horns 1, agile 1, sense surroundings 1, strong
nose
a: Curse Item, Renounce Religion


You were on level 6 of the Dungeon.
You worshipped Ashenzari.
Ashenzari was noncommittal.
You were not hungry.

You visited 2 branches of the dungeon, and saw 7 of its levels.

You collected 262 gold pieces.

Inventory:

Hand Weapons
 F - a cursed +4 flail (weapon)
Missiles
 j - 90 stones (quivered)
 l - 5 poisoned needles
 o - 51 sling bullets
 p - 132 arrows
Armour
 a - a +0 shield (worn)
 h - a +0 ring mail
 i - a +0 helmet
 t - a cursed +0 pair of gloves (worn)
 B - a +0 cloak (worn)
 D - a +1 chain mail of magic resistance (worn)
Jewellery
 u - an amulet of the gourmand (around neck)
 y - a cursed ring of teleportation
 C - an uncursed ring of magical power
Wands
 e - a wand of acid (3)
 q - a wand of polymorph (15)
 E - a wand of disintegration (12)
Scrolls
 d - a scroll of magic mapping {unknown}
 g - 4 scrolls of teleportation {unknown}
 k - 7 scrolls of remove curse
 n - 3 scrolls of identify {unknown}
 r - 2 scrolls of blinking {unknown}
 s - 3 scrolls of enchant armour {unknown}
 x - a scroll of fear {unknown}
 z - a scroll of enchant weapon {unknown}
Potions
 b - a potion of lignification
 c - 3 potions of curing
 m - 3 potions of heal wounds {unknown}
 v - a potion of brilliance
 A - a potion of degeneration {unknown}
Comestibles
 f - 4 rations


   Skills:
 + Level 7.4 Fighting
 + Level 4.3 Short Blades
 + Level 3.4 Long Blades
 + Level 3.4 Axes
 + Level 3.4 Maces & Flails
 + Level 4.3 Polearms
 + Level 3.4 Staves
 + Level 3.4 Slings
 + Level 3.4 Bows
 + Level 3.4 Crossbows
 + Level 4.3 Throwing
 + Level 3.4 Armour
 + Level 4.3 Dodging
 + Level 5.5 Stealth
 + Level 4.3 Shields
 + Level 3.4 Unarmed Combat
 + Level 3.4 Spellcasting
 + Level 2.8 Conjurations
 + Level 2.8 Hexes
 + Level 2.8 Charms
 + Level 2.8 Summonings
 + Level 2.8 Necromancy
 + Level 2.8 Translocations
 + Level 2.8 Transmutations
 + Level 2.8 Fire Magic
 + Level 2.8 Ice Magic
 + Level 2.8 Air Magic
 + Level 2.8 Earth Magic
 + Level 2.8 Poison Magic
 + Level 3.8 Invocations
 + Level 3.4 Evocations


You had 13 spell levels left.
You didn't know any spells.
Your spell library was empty.

Dungeon Overview and Level Annotations

Branches:
Dungeon (6/15)             Temple (1/1) D:5

Altars:
Ashenzari
Cheibriados
Dithmenos
Elyvilon
Gozag
Hepliaklqana
Kikubaaqudgha
Makhleb
Nemelex Xobeh
Okawaru
Qazlal
Ru
Sif Muna
Trog
Uskayaw
Vehumet
Wu Jian
Xom
Yredelemnul
Zin
The Shining One

Annotations:
D:5 1 runed door, Garbasso's ghost, amateur DsFi


Innate Abilities, Weirdness & Mutations

Your experience applies equally to all skills.
You have very sharp teeth.
Your uncanny sense of smell can sniff out nearby items.
You have a pair of small horns on your head.
You are agile. (Dex +2)
You passively map a small area around you.


Message History

Press: ? - help, Shift-Dir - straight line, f/p - centaur
Aim: a centaur, wielding a +0 shortbow (heavily wounded)
You throw a stone. The stone hits the centaur.
The centaur is severely wounded.
The centaur shoots an arrow.
The arrow hits you.
* * * LOW HITPOINT WARNING * * *
A centaur comes into view.
The centaur shouts!
Throwing (i - inventory)
j - 91 stones (quivered)
Press: ? - help, Shift-Dir - straight line, f - centaur
Aim: a centaur, wielding a -2 shortbow You throw a stone.
The stone hits the centaur.
The centaur is lightly wounded.
The centaur shoots an arrow.
The arrow barely misses you.
The centaur wields a +0 shortbow.
The centaur shoots an arrow.
The arrow hits you!
* * * LOW HITPOINT WARNING * * *
The centaur shoots an arrow.
The arrow barely misses you.
The centaur shoots an arrow.
The arrow hits you!
You die...

,, ≈≈≈≈≈≈≈≈≈c. ,
≈ ≈≈≈≈≈≈≈≈c.
≈≈≈≈≈≈≈≈≈cc
≈≈≈≈≈≈≈.. *
≈≈≈≈≈≈≈≈. ∆,
#≈≈≈≈≈≈≈) ∆∆
#.≈≈≈≈≈≈c #@#.≈
≈ ≈ #.#.#≈≈ ≈≈≈
≈≈ #.#.##. ≈≈#
#....#.##.##.##
#.#.##........#
*
#.......###...##
,
###.###.#*.....#
#
#.###)###...##.#
#....)..........


You could see 5 centaurs.

Vanquished Creatures
  3 ice beasts
  A necrophage (D:5)
  An ogre (D:5)
  3 centaurs
  2 bullfrogs (D:6)
  A water moccasin zombie (D:5)
  A howler monkey (D:4)
  3 wights (D:6)
  A centaur zombie (D:5)
  A hound (D:4)
  A bullfrog skeleton (D:4)
  Terence (D:3)
  6 worker ants
  9 adders
  A worm (D:6)
  4 dart slugs
  2 leopard geckos
  7 orcs
  6 bats (D:1)
  2 giant cockroaches
  6 goblins
  9 hobgoblins
  4 kobolds
  2 quokkas
  2 ball pythons (D:1)
  4 frilled lizards
  A jackal skeleton (D:5)
  6 rats
90 creatures vanquished.

Notes
Turn   | Place    | Note
-------+----------+-------------------------------------------
     0 | D:1      | Hilur the Gnoll Wanderer began the quest for the Orb.
     0 | D:1      | Hilur set off with: a +0 shield, a potion of lignification,
                  | a +0 spear, a +0 robe, a +0 dagger, a ration
     0 | D:1      | Reached XP level 1. HP: 23/23 MP: 1/1
   145 | D:1      | Reached XP level 2. HP: 29/29 MP: 2/2
   237 | D:1      | Reached XP level 3. HP: 34/35 MP: 3/3
   696 | D:2      | Reached skill level 1 in Invocations
   917 | D:2      | Reached skill level 1 in Long Blades
   917 | D:2      | Reached skill level 1 in Axes
   917 | D:2      | Reached skill level 1 in Maces & Flails
   917 | D:2      | Reached skill level 1 in Staves
   917 | D:2      | Reached skill level 1 in Slings
   917 | D:2      | Reached skill level 1 in Bows
   917 | D:2      | Reached skill level 1 in Crossbows
   917 | D:2      | Reached skill level 1 in Armour
   917 | D:2      | Reached skill level 1 in Unarmed Combat
   917 | D:2      | Reached skill level 1 in Spellcasting
   917 | D:2      | Reached skill level 1 in Evocations
   917 | D:2      | Reached XP level 4. HP: 41/41 MP: 5/5
  1183 | D:3      | Noticed Terence
  1217 | D:3      | Killed Terence
  1217 | D:3      | Reached skill level 1 in Conjurations
  1217 | D:3      | Reached skill level 1 in Hexes
  1217 | D:3      | Reached skill level 1 in Charms
  1217 | D:3      | Reached skill level 1 in Summonings
  1217 | D:3      | Reached skill level 1 in Necromancy
  1217 | D:3      | Reached skill level 1 in Translocations
  1217 | D:3      | Reached skill level 1 in Transmutations
  1217 | D:3      | Reached skill level 1 in Fire Magic
  1217 | D:3      | Reached skill level 1 in Ice Magic
  1217 | D:3      | Reached skill level 1 in Air Magic
  1217 | D:3      | Reached skill level 1 in Earth Magic
  1217 | D:3      | Reached skill level 1 in Poison Magic
  1672 | D:3      | Reached XP level 5. HP: 29/47 MP: 6/6
  2932 | D:4      | Reached XP level 6. HP: 48/53 MP: 8/8
  3069 | D:4      | Noticed a two-headed ogre
  3139 | D:5      | Entered Level 5 of the Dungeon
  3223 | D:4      | Gained mutation: You tend to lose your temper in combat.
                  | [potion of mutation]
  3223 | D:4      | Gained mutation: Your muscles are strong. (Str +2) [potion
                  | of mutation]
  3223 | D:4      | Gained mutation: You passively map a small area around you.
                  | [potion of mutation]
  3501 | D:5      | Reached XP level 7. HP: 31/59 MP: 10/10
  3506 | D:5      | Lost mutation: You tend to lose your temper in combat.
                  | [potion of mutation]
  3506 | D:5      | Lost mutation: Your muscles are strong. (Str +2) [potion of
                  | mutation]
  3506 | D:5      | Gained mutation: You are agile. (Dex +2) [potion of
                  | mutation]
  3506 | D:5      | Gained mutation: You have a pair of small horns on your
                  | head. [potion of mutation]
  3684 | D:5      | Reached skill level 7 in Fighting
  3706 | D:5      | Found a runed door.
  3706 | D:5      | Noticed Garbasso's ghost (amateur DsFi)
  3798 | D:5      | Reached skill level 5 in Stealth
  3868 | D:5      | Found a staircase to the Ecumenical Temple.
  3891 | Temple   | Entered the Ecumenical Temple
  4323 | Temple   | Became a worshipper of Ashenzari the Shackled
  4501 | D:5      | Reached XP level 8. HP: 67/67 MP: 12/12
  5428 | D:6      | Shot with an arrow by a centaur

Vault maps used:
D:1:      kennysheep_arrival_seaside
D:2:      first_ration, uniq_natasha
D:3:      kennysheep_generic_room_16, uniq_terence
D:4:      kennysheep_slug_shrine, uniq_purgy
D:5:      minmay_temple_entry_enclosed_plants, hellmonk_ghost_happy_afterlife
D:6:      centaur_isle
Temple:   roderic_octagonal_lattice_temple

Skill      XL: |  1  2  3  4  5  6  7  8 |
---------------+-------------------------+-----
Invocations    | 1 2 3 |  3.8
Long Blades    | 1 2 3 |  3.4
Axes           | 1 2 3 |  3.4
Maces & Flails | 1 2 3 |  3.4
Staves         | 1 2 3 |  3.4
Slings         | 1 2 3 |  3.4
Bows           | 1 2 3 |  3.4
Crossbows      | 1 2 3 |  3.4
Armour         | 1 2 3 |  3.4
Unarmed Combat | 1 2 3 |  3.4
Spellcasting   | 1 2 3 |  3.4
Evocations     | 1 2 3 |  3.4
Conjurations   | 1 2 |  2.8
Hexes          | 1 2 |  2.8
Charms         | 1 2 |  2.8
Summonings     | 1 2 |  2.8
Necromancy     | 1 2 |  2.8
Translocations | 1 2 |  2.8
Transmutations | 1 2 |  2.8
Fire Magic     | 1 2 |  2.8
Ice Magic      | 1 2 |  2.8
Air Magic      | 1 2 |  2.8
Earth Magic    | 1 2 |  2.8
Poison Magic   | 1 2 |  2.8
Short Blades   | 3 4 |  4.3
Polearms       | 3 4 |  4.3
Throwing       | 3 4 |  4.3
Dodging        | 3 4 |  4.3
Shields        | 3 4 |  4.3
Fighting       | 7 |  7.4
Stealth        | 5 |  5.5

Action                   |  1- 3 |  4- 6 |  7- 9 || total
-------------------------+-------+-------+-------++-------
Melee: Spear             |    86 |    43 |       ||   129
       Bite              |    11 |    15 |    26 ||    52
       Mace              |       |    24 |       ||    24
       Whip              |       |    76 |   147 ||   223
       Headbutt          |       |       |    42 ||    42
       Flail             |       |       |    17 ||    17
 Fire: Hunting sling     |    17 |    56 |       ||    73
Throw: Stone             |     6 |       |    28 ||    34
  Use: Potion            |       |     3 |     1 ||     4
 Stab: Sleeping          |     1 |     2 |     3 ||     6
  Eat: Chunk             |       |     8 |     3 ||    11
       Ration            |       |       |     1 ||     1
Armor: Ring mail         |    22 |    52 |    17 ||    91
       Chain mail        |       |       |    31 ||    31
Dodge: Dodged            |    20 |    56 |    44 ||   120
Block: Shield            |    32 |    62 |   104 ||   198

Table legend:
 A = Non-vault XP
 B = Vault XP
 C = Vault XP percentage of total XP
 D = Non-vault monster count
 E = Vault monster count
 F = Vault count percentage of total count
                 A         B        C        D         E       F
            +---------+---------+-------+---------+---------+-------
      Total |    1892 |     152 |   7.4 |      85 |       5 |   5.6
            +---------+---------+-------+---------+---------+-------
        D:1 |      51 |       0 |   0.0 |      27 |       0 |   0.0
        D:2 |      55 |       0 |   0.0 |      11 |       0 |   0.0
        D:3 |      27 |      42 |  60.9 |       8 |       4 |  33.3
        D:4 |     304 |       0 |   0.0 |      12 |       0 |   0.0
        D:5 |     867 |       0 |   0.0 |      18 |       0 |   0.0
        D:6 |     588 |     110 |  15.8 |       9 |       1 |  10.0
            +---------+---------+-------+---------+---------+-------
